Map: 로스트 앤 파운드 - 래더

Players

LiquidSnute (Snute) - Winner!

  • Race: Zerg Zerg
  • League: Grandmaster
  • Spawn Location: 7:00

Patience

  • Race: Protoss Protoss
  • Spawn Location: 1:00

Event: HomeStory Cup XVII

VOD

Have the link to the VOD?

Description

Time

  • Played on: June 29, 2018, 4:20 p.m.
  • Length: 9:01

All games in this series

Show
View Real Time Build Order
Export as new Build Order

LiquidSnute Zerg - Winner!

Build Orders: Hatch First 

Get SALT Encoding   

  12  0:00  Drone  
  13  0:12  Overlord  
  13  0:16  Drone  
  14  0:31  Drone x2  
  14  0:34  Drone  
  17  0:50  Hatchery  
  17  0:53  Drone  
  17  0:56  Drone  
  18  1:03  Extractor  
  17  1:11  Spawning Pool  
  17  1:16  Drone  
  17  1:17  Drone  
  18  1:28  Drone  
  19  1:38  Overlord  
  19  1:49  Drone  
  20  1:58  Queen  
  20  2:00  Zergling x2  
  23  2:01  Queen  
  23  2:03  Zergling x2  
  23  2:04  Metabolic Boost  
  26  2:11  Zergling x2  
  26  2:14  Zergling x2  
  28  2:26  Zergling x4  
  30  2:33  Zergling x2  
  30  2:35  Hatchery  
  30  2:42  Overlord, Zergling x2  
  31  2:46  Zergling x2  
  32  2:55  Drone  
  32  2:57  Drone  
  34  3:07  Drone x4  
  38  3:16  Overlord  
  38  3:21  Drone x2  
  38  3:28  Queen  
  38  3:29  Queen  
  38  3:33  Drone x2  
  42  3:37  Drone x3  
  42  3:39  Drone  
  42  3:41  Drone  
  45  3:47  Drone  
  46  3:50  Queen  
  46  3:52  Drone  
  46  3:55  Spore Crawler  
  48  3:56  Drone  
  48  3:58  Drone  
  48  4:01  Spore Crawler  
  49  4:03  Drone  
  49  4:07  Spore Crawler  
  49  4:10  Overlord  
  49  4:11  Drone  
  49  4:16  Drone x2  
  52  4:19  Drone x2  
  52  4:22  Lair  
  52  4:24  Drone  
  55  4:27  Overlord  
  55  4:29  Drone  
  55  4:30  Drone  
  57  4:31  Drone  
  57  4:35  Drone x2  
  57  4:36  Drone  
  62  4:38  Drone  
  62  4:39  Drone  
  62  4:42  Overlord  
  63  4:47  Zergling x6  
  63  4:51  Extractor x2  
  64  4:53  Zergling x6  
  64  4:57  Drone x2  
  65  5:00  Drone x4  
  65  5:06  Drone x3  
  71  5:17  Zergling x10  
  74  5:22  Zergling x4  
  74  5:23  Spire  
  74  5:26  Zergling x2  
  74  5:27  Zergling x2  
  77  5:29  Drone x3, Extractor  
  77  5:31  Drone, Extractor  
  79  5:35  Drone  
  79  5:41  Drone  
  81  5:43  Drone, Hatchery  
  81  5:49  Overlord  
  81  5:54  Overlord  
  81  5:59  Overlord  
  81  6:00  Overlord  
  81  6:01  Overlord  
  81  6:03  Queen x2  
  81  6:05  Overlord x2  
  81  6:07  Queen  
  83  6:12  Overlord  
  83  6:15  Spine Crawler, Drone  
  82  6:23  Zergling x6  
  84  6:33  Zergling x4  
  84  6:35  Mutalisk x6  
  84  6:36  Mutalisk  
  100  6:49  Zergling x6  
  100  6:53  Zergling x2  
  100  6:54  Baneling Nest, Zergling x12  
  109  6:56  Zergling x2  
  109  7:00  Hatchery  
  105  7:24  Zergling x18  
  101  7:38  Queen  
  101  7:40  Mutalisk  
  101  7:41  Mutalisk x6  
  101  7:46  Zergling x2  
  101  7:48  Mutalisk  
  93  7:52  Spine Crawler x2  
  93  7:53  Spine Crawler  
  93  7:54  Spine Crawler  
  93  7:55  Zergling x2  
  85  7:59  Zergling x6  
  86  8:05  Baneling  
  86  8:06  Baneling  
  86  8:09  Mutalisk  
  85  8:19  Baneling x2  
  82  8:23  Zergling x10  
  83  8:28  Zergling x2  
  83  8:32  Zergling x4  
Show
View Real Time Build Order
Export as new Build Order

Patience Protoss 

Build Orders: 1 Gate Expand, Oracle Opening, Zealot Archon, Archon Drop 

Get SALT Encoding   

  12  0:00  Probe  
  13  0:13  Probe  
  14  0:19  Pylon  
  14  0:25  Probe  
  15  0:33  Probe  
  15  0:42  Probe  
  16  0:44  Gateway  
  17  0:50  Assimilator  
  17  0:53  Probe  
  18  0:58  Pylon  
  18  1:05  Probe  
  19  1:17  Probe  
  20  1:26  Nexus  
  20  1:36  Cybernetics Core  
  20  1:39  Probe  
  21  1:45  Assimilator  
  21  1:51  Probe  
  22  1:55  Pylon  
  22  2:03  Probe  
  22  2:04  Adept  
  23  2:15  Probe  
  26  2:18  Stargate  
  26  2:26  Warp Gate  
  26  2:27  Probe  
  27  2:30  Adept  
  27  2:34  Probe  
  27  2:35  Probe  
  29  2:42  Probe  
  29  2:43  Probe  
  33  2:52  Probe  
  33  2:54  Probe  
  35  3:04  Probe  
  38  3:06  Probe  
  38  3:07  Oracle  
  38  3:09  Pylon  
  39  3:17  Adept  
  42  3:23  Gateway  
  37  3:29  Shield Battery  
  35  3:38  Sentry  
  30  3:43  Oracle  
  30  3:48  Probe x2  
  37  4:00  Probe x2  
  39  4:12  Probe x2  
  39  4:13  Assimilator  
  39  4:15  Assimilator  
  41  4:19  Robotics Facility  
  41  4:24  Probe x2  
  43  4:34  Twilight Council  
  43  4:35  Adept x2  
  43  4:36  Probe x2  
  49  4:44  Probe  
  49  4:48  Probe, Pylon  
  49  4:52  Probe  
  52  5:01  Probe  
  52  5:03  Probe  
  52  5:06  Warp Prism  
  54  5:13  Probe  
  55  5:18  Gateway x2  
  55  5:20  Gateway  
  57  5:23  Probe  
  57  5:25  Probe  
  59  5:29  Templar Archives  
  59  5:33  Pylon  
  59  5:42  Observer  
  60  5:43  Probe  
  61  5:52  Charge  
  61  5:57  Adept x2  
  63  6:00  Pylon  
  63  6:02  Probe  
  57  6:05  Probe  
  55  6:17  High Templar x4  
  63  6:20  Zealot  
  63  6:21  Archon x2  
  63  6:23  Gateway  
  65  6:25  Gateway  
  65  6:27  Gateway  
  65  6:28  Forge  
  65  6:34  Probe x2  
  67  6:48  Zealot  
  67  6:49  High Templar  
  67  6:50  High Templar, Zealot x2  
  67  6:52  Nexus  
  77  6:54  Pylon  
  77  6:55  Archon  
  77  7:17  Zealot x3  
  77  7:21  Zealot x2  
  77  7:22  Zealot  
  85  7:25  Stalker  
  72  7:42  High Templar  
  72  7:43  High Templar, Stalker  
  72  7:44  Stalker  
  73  7:46  Zealot x2  
  73  7:48  Archon  
  65  8:05  Zealot x2  
  39  8:32  Zealot x4  
Tags
 
Add a new tag
Caveats
  • Supply blocks, unpowered buildings, or Contaminate may cause inaccurate times.
  • Supply counts are checked every 10 seconds.